 Dungeon Crawl Stone Soup version 0.27.0-1-g7a089689b8 (webtiles) character file.

Game seed: 15452800405011264976

3119 freelancePsychic the Destroyer (level 9, -12/75 HPs)
             Began as a Palentonga Conjurer on Aug 1, 2021.
             Was a Believer of Vehumet.
             Splashed by Pikel's acid (15 damage)
             ... on level 6 of the Dungeon.
             The game lasted 00:13:07 (8852 turns).

freelancePsychic the Destroyer (PaCj)               Turns: 8852, Time: 00:13:07

Health: -12/75     AC:  5    Str: 11    XL:     9   Next: 60%
Magic:  13/13      EV:  9    Int: 25    God:    Vehumet [**....]
Gold:   364        SH:  0    Dex:  9    Spells: 11/14 levels left

rFire    . . .     SeeInvis +   x - +12 rapier "Soesuag" {drain, Int+4}
rCold    . . .     Faith    .   (no shield)
rNeg     . . .     Spirit   .   a - +0 robe
rPois    .         Reflect  .   d - +0 helmet
rElec    .         Harm     .   (no cloak)
rCorr    .         Rampage  .   g - +0 pair of gloves
Will     .....                  (no barding)
Stlth    +.........             (no amulet)
HPRegen  0.22/turn              (no ring)
MPRegen  0.13/turn              (no ring)

@: corroded, curled up
A: large, rugged brown scales 3, see invisible, deformed body, roll 1, armoured
tail, reflexive curl
a: Rolling Charge, Renounce Religion


You were on level 6 of the Dungeon.
You worshipped Vehumet.
Vehumet was pleased with you.
You visited 2 branches of the dungeon, and saw 7 of its levels.
You also visited: Sewer.

You collected 364 gold pieces.

Inventory:

Hand Weapons
 q - a +2 dagger of speed
 x - the +12 rapier "Soesuag" (weapon) {drain, Int+4}
   (You found it on level 5 of the Dungeon)

   A truly terrible weapon, it drains the life of any living foe it strikes.
   Int:       It affects your intelligence (+4).
Armour
 a - a +0 robe (worn)
 d - a +0 helmet (worn)
 g - a +0 pair of gloves (worn)
Wands
 p - a wand of flame (49)
 z - a wand of charming (6)
Scrolls
 b - 3 scrolls of teleportation {@r4}
 f - a scroll of fear
 i - 2 scrolls of immolation
 j - a scroll of brand weapon
 l - a scroll of identify {@r1}
 o - a scroll of amnesia {unknown}
 u - a scroll of magic mapping {unknown}
 v - a scroll of blinking {unknown}
 y - a scroll of silence {unknown}
Potions
 c - a potion of degeneration {unknown}
 e - 3 potions of curing {unknown}
 h - 3 potions of resistance
 k - a potion of might {unknown}
 m - a potion of attraction {unknown}
 n - a potion of lignification {unknown}
 r - a potion of brilliance {unknown}
 s - 2 potions of cancellation {unknown}
 t - 3 potions of haste {unknown}
 w - a potion of flight {unknown}
 A - a potion of mutation {unknown}


   Skills:
 * Level 6.7 Fighting
 - Level 1.5 Dodging
 - Level 1.2 Stealth
 - Level 3.0 Spellcasting
 - Level 10.1 Conjurations
 + Level 4.2 Earth Magic


You had 11 spell levels left.
You knew the following spells:

 Your Spells              Type           Power      Damage    Failure   Level
a - Magic Dart            Conj           100%       1d8       1%          1
b - Searing Ray           Conj           100%       3d7       1%          2

Your spell library contained the following spells:

 Spells                   Type           Power      Damage    Failure   Level
 Shock                    Conj/Air       100%       1d9       1%          1
 Dazzling Flash           Conj/Hex       58%        N/A       3%          3
 Fulminant Prism          Conj/Hex       14%        3d9       13%         4
 Iskenderun's Mystic Bla  Conj/Tloc      29%        2d7       13%         4
 Slow                     Hex            3%         N/A       16%         2
 Confusing Touch          Hex            3%         N/A       30%         3
 Vampiric Draining        Necr           1%         2d6       30%         3
 Starburst                Conj/Fire      14%        8x6d6     89%         6
 Yara's Violent Unravell  Hex/Tmut       1%         3d3       95%         5


Dungeon Overview and Level Annotations

Branches:
Dungeon (6/15)             Temple (1/1) D:4           Sewer (visited)

Altars:
Ashenzari
Cheibriados
Dithmenos
Elyvilon
Fedhas
Gozag
Kikubaaqudgha
Makhleb
Nemelex Xobeh
Okawaru
Qazlal
Sif Muna
Uskayaw
Vehumet
Xom
Yredelemnul

Shops:
D:1 [!!!?   D:6 ?

Annotations:
D:4 1 runed translucent door, Crazy Yiuf
D:6 1 runed translucent door, Pikel; Tirrikindir's ghost, novice OpFi


Innate Abilities, Weirdness & Mutations

You are completely covered in rugged brown scales. (AC +3, +7% HP)
You have supernaturally acute eyesight. (SInv)
Armour fits poorly on your strangely shaped body.
You can roll at nearby foes to attack.
You have a long armoured tail.
You curl defensively after being hit.


Message History

Found a scroll of vulnerability.
s - 2 fizzy purple potions (gained 1) Pikel shouts!
You hear a shout!
Found a stone staircase leading down.
Pikel is nearby!
Okay, then.
Aiming: Charm
Press: ? - help, Shift-Dir - straight line, f - Pikel
Aim: Pikel, wielding a +2 whip of freezing, wearing a +0 robe and carrying a wand of acid (8) (chance to affect: 46%) Pikel is charmed.
You swap places.
There is a stone staircase leading down here.
Pikel is no longer charmed.
You puncture Pikel!
Pikel is moderately wounded.
Pikel hits you with a +2 whip of freezing.
Pikel freezes you.
You puncture Pikel!
Pikel is heavily wounded.
Pikel hits you with a +2 whip of freezing!
Pikel freezes you.
Pikel zaps a wand.
The bolt of acid hits you!! The acid corrodes you!
You are splashed with acid!
Aiming: Charm
Press: ? - help, Shift-Dir - straight line, f/p - Pikel
Aim: Pikel, wielding a +2 whip of freezing, wearing a +0 robe and carrying a wand of acid (7) (heavily wounded, chance to affect: 46%) Pikel resists with some effort.
Pikel hits you with a +2 whip of freezing.
* * * LOW HITPOINT WARNING * * *
Pikel freezes you.
* * * LOW HITPOINT WARNING * * *
Aiming: Charm
Press: ? - help, Shift-Dir - straight line, f/p - Pikel
Aim: Pikel, wielding a +2 whip of freezing, wearing a +0 robe and carrying a wand of acid (7) (heavily wounded, chance to affect: 46%) Pikel resists with some effort.
Pikel zaps a wand.
The bolt of acid hits you!
* * * LOW HITPOINT WARNING * * *
The acid corrodes you!
You are splashed with acid!
You die...

........#รท..............
...........>..######...
................######
.......#..)...........
##..####.##..#........
##......##...........
#....)[###..........
.......!.............
.........##..@#.....
##..........#K#.[..
###..........###.
..............##.
............#......
...............####
#########.........##
........#.....##..#
##.####.#.........#


You could see Pikel.

Vanquished Creatures
  A two-headed ogre (D:5)
  Sigmund (D:4)
  A steam dragon (D:6)
  Menkaure (D:4)
  Duvessa (D:6)
  A black bear (D:5)
  A sky beast (D:5)
  6 ogres
  A centaur (D:5)
  2 lemures (D:5)
  A kobold brigand (D:6)
  2 bullfrogs (Sewer)
  A gnoll sergeant (D:6)
  2 scorpions
  Dowan (D:6)
  A bullfrog zombie (D:5)
  A centaur skeleton (D:5)
  A jelly (D:4)
  An orc priest (D:5)
  2 hounds
  Terence (D:3)
  4 iguanas
  An orc wizard (D:5)
  Ijyb (D:4)
  A hound skeleton (D:4)
  A howler monkey zombie (D:5)
  Robin (D:4)
  11 gnolls
  18 adders
  An ufetubus (D:5)
  An adder skeleton (D:4)
  A worm (D:2)
  A dart slug (D:1)
  5 orcs
  5 ball pythons
  7 endoplasms
  6 giant cockroaches
  20 goblins
  8 hobgoblins
  6 jackals (D:1)
  7 quokkas
  5 bats
  12 frilled lizards
  7 kobolds
  6 rats
166 creatures vanquished.

Notes
Turn   | Place    | Note
-------+----------+-------------------------------------------
     0 | D:1      | freelancePsychic the Palentonga Conjurer began the quest
                  | for the Orb.
     0 | D:1      | Reached XP level 1. HP: 13/13 MP: 3/3
   172 | D:1      | Found Oguori's Distillery.
   187 | D:1      | Found Ikhlaxzui's Distillery.
   231 | D:1      | Found Niatz's Distillery.
   305 | D:1      | Reached XP level 2. HP: 15/20 MP: 0/5
   308 | D:1      | Learned a level 2 spell: Searing Ray
   378 | D:1      | Found Firient's Antique Armour Boutique.
   621 | D:1      | Reached skill level 4 in Conjurations
  1028 | D:1      | Found Zeutiul's Magic Scroll Shop.
  1201 | D:1      | Reached XP level 3. HP: 23/25 MP: 7/7
  2269 | D:2      | Reached XP level 4. HP: 32/32 MP: 0/8
  2875 | D:3      | Found a white marble altar of Elyvilon.
  2922 | D:3      | Reached skill level 5 in Conjurations
  3095 | D:3      | Reached XP level 5. HP: 30/37 MP: 4/9
  3194 | D:3      | Noticed Terence
  3203 | D:3      | Killed Terence
  3646 | D:4      | Noticed Ijyb
  3656 | D:4      | Killed Ijyb
  3657 | D:4      | Reached skill level 6 in Conjurations
  3711 | D:4      | Noticed Sigmund
  3713 | D:4      | Noticed Menkaure
  3722 | D:4      | Killed Sigmund
  3723 | D:4      | Reached XP level 6. HP: 41/43 MP: 4/10
  3725 | D:4      | Reached skill level 7 in Conjurations
  3728 | D:4      | Killed Menkaure
  3729 | D:4      | Gained mutation: You curl defensively after being hit.
                  | [Palentonga growth]
  3729 | D:4      | Reached XP level 7. HP: 9/49 MP: 2/11
  4283 | D:4      | Found an iron altar of Okawaru.
  4293 | D:4      | Noticed Robin
  4315 | D:4      | Killed Robin
  4317 | D:4      | Reached skill level 8 in Conjurations
  4529 | D:4      | Found a staircase to the Ecumenical Temple.
  4548 | Temple   | Entered the Ecumenical Temple
  4587 | Temple   | Became a worshipper of Vehumet
  5010 | D:4      | Found a runed translucent door.
  5011 | D:4      | Noticed Crazy Yiuf
  5050 | D:5      | Entered Level 5 of the Dungeon
  5077 | D:5      | Found a glowing drain.
  5082 | Sewer    | Entered a sewer
  5579 | Sewer    | Reached * piety under Vehumet
  5579 | Sewer    | Offered knowledge of Foxfire by Vehumet.
  5584 | Sewer    | Reached skill level 9 in Conjurations
  5680 | D:5      | Reached XP level 8. HP: 55/55 MP: 7/12
  5920 | D:5      | Identified the +12 rapier "Soesuag" {drain, Int+4}
  6187 | D:5      | Found a shadowy altar of Dithmenos.
  6355 | D:5      | Noticed a two-headed ogre
  6436 | D:5      | Reached skill level 10 in Conjurations
  6459 | D:5      | Reached skill level 1 in Fighting
  6460 | D:5      | Reached skill level 1 in Earth Magic
  6887 | D:5      | Killed a two-headed ogre
  6888 | D:5      | Reached skill level 5 in Fighting
  6888 | D:5      | Reached XP level 9. HP: 10/72 MP: 8/13
  7172 | D:5      | Reached ** piety under Vehumet
  7878 | D:6      | Offered knowledge of Shock by Vehumet.
  7979 | D:6      | Found Kyugosugg's Magic Scroll Boutique.
  7979 | D:6      | Noticed Pikel
  8364 | D:6      | Found a runed translucent door.
  8365 | D:6      | Noticed Tirrikindir's ghost (novice OpFi)
  8583 | D:6      | Noticed Dowan
  8584 | D:6      | Noticed Duvessa
  8585 | D:6      | Killed Dowan
  8594 | D:6      | Killed Duvessa
  8852 | D:6      | HP: 3/75 [Pikel/bolt of acid (14)]
  8852 | D:6      | Splashed by Pikel's acid

Illustrated notes

Levels and vault maps discovered:
D:1:      dpeg_arrival_boxes_within_box, layout_loops_ring, serial_shops,
          nicolae_square_shop, shop, shop_fountains, shop, shop, minivault_19
D:2:      layout_basic, minmay_tetromino_t4
D:3:      layout_rooms, mainiacjoe_overflow_alcove_1, uniq_terence
D:4:      layout_loops_cross, okawaru_gym_becter, minmay_temple_entry_wispy,
          saegor_snake_ambush, uniq_robin, uniq_menkaure,
          uniq_crazy_yiuf_cottage, uniq_ijyb, uniq_sigmund
D:5:      minmay_clustersquares, layout_loops_ring, grunt_dithmenos_smoke,
          portal_sewer_entry_e, columned_hall_lemuel, minmay_misc_feat_cross,
          corexii_corridor_pit
D:6:      layout_rooms, serial_shops, nicolae_shop_competitors_out_of_business,
          ebering_ghost_reflecting_pool, chequers_decorated_corner,
          supply_closet_lemuel, roderic_lattice_a, kennysheep_another_room,
          uniq_duvessa, uniq_pikel
Temple:   eino_temple_lava

Skill      XL: |  1  2  3  4  5  6  7  8  9 |
---------------+----------------------------+-----
Conjurations   | 4 5 6 7 9 10 | 10.1
Spellcasting   | 3 |  3.0
Fighting       | 5 6 |  6.7
Earth Magic    | 3 4 |  4.2
Dodging        | |  1.5
Stealth        | |  1.2

Action                   |  1- 3 |  4- 6 |  7- 9 || total
-------------------------+-------+-------+-------++-------
Melee: Spear             |   104 |    29 |       ||   133
       Unarmed           |     3 |       |       ||     3
       Tailslap          |     7 |     1 |     6 ||    14
       Dagger            |       |     3 |   115 ||   118
       Rapier            |       |       |    28 ||    28
 Cast: Magic Dart        |    15 |       |       ||    15
       Searing Ray       |    15 |    19 |    53 ||    87
 Abil: Rolling Charge    |       |       |     1 ||     1
Evoke: Wand              |       |       |     3 ||     3
  Use: Scroll            |       |       |     6 ||     6
 Stab: Sleeping          |     2 |     1 |     1 ||     4
Armor: Robe              |    43 |     8 |    71 ||   122
       Skin              |       |     4 |       ||     4
Dodge: Dodged            |    42 |    16 |    73 ||   131
